 Dungeon Crawl Stone Soup version 0.25.0-26-g0c896c7088 (webtiles) character file.

Game seed: 9425803973737467911

554696 yogakurto the Hoplite (level 26, 0/163 HPs)
             Began as a Vine Stalker Skald on June 25, 2020.
             Was the Champion of the Shining One.
             Splashed by an acid blob's acid (3 damage)
             ... created by the Royal Jelly
             ... on level 4 of the Pits of Slime on July 1, 2020.
             The game lasted 05:06:56 (58888 turns).

yogakurto the Hoplite (Vine Stalker Skald)         Turns: 58888, Time: 05:06:56

Health: 0/163      AC: 25    Str: 32    XL:     26   Next: 99%
Magic:  0/24       EV: 15    Int: 19    God:    the Shining One [******]
Gold:   6294       SH: 37    Dex: 31    Spells: 14/33 levels left

rFire    x . .     SeeInvis +   a - +7 mace "Huackodo" {freeze, MR+ Str+8 SInv}
rCold    . . .     Gourm    .   F - +4 tower shield {reflect}
rNeg     + + +     Faith    .   A - +8 orange crystal plate armour {Archmagi, Int+3 Clar}
rPois    +         Spirit   +   C - +0 helmet of a Labyrinth {-Cast rF- Dex+9 Stlth+}
rElec    .         Reflect  +   w - +2 cloak {rCorr}
rCorr    +         Harm     .   D - +2 pair of gloves
MR       +++++     Clarity  +   E - +0 pair of boots "Hero's Friend" {Slay+3} Stlth ..........NoCast +
                                R - amulet of Exhibitionism {RegenMP +Inv MR+}
HPRegen  1.17/turn              h - ring "Juleetz" {rPois MR+ Dex+6 Stlth+}
MPRegen  0.44/turn              b - ring of Pesour {Str+3 SInv}

@: corroded, glowing, studying 2 skills
A: fangs 3, large bone plates 1, berserk 1, blurry vision 1, clever 1, deformed
body, low mp 2, regeneration 2, robust 1, screaming 1, weak 1, magic shield,
antimagic bite, no potion heal 3, rot immunity
}: 2/15 runes: serpentine, barnacled
a: Divine Shield, Cleansing Flame, Summon Divine Warrior, Renounce Religion,
Evoke Invisibility


You were on level 4 of the Pits of Slime.
You worshipped the Shining One.
The Shining One was exalted by your worship.
You were not hungry.

You visited 11 branches of the dungeon, and saw 51 of its levels.
You visited the Abyss 4 times.
You also visited: Ossuary, Gauntlet, Ice Cave and Wizlab.

You collected 7759 gold pieces.
You spent 1465 gold pieces at shops.

Inventory:

Hand Weapons
 a - the +7 mace "Huackodo" (weapon) {freeze, MR+ Str+8 SInv}
   (You found it on level 2 of the Snake Pit)

   It has been specially enchanted to freeze those struck by it, causing extra
   injury to most foes and up to half again as much damage against particularly
   susceptible opponents.
   It can also slow down cold-blooded creatures.
   It affects your strength (+8).
   It affects your resistance to hostile enchantments.
   It lets you see invisible.
 J - the +8 morningstar of Ufuff {vorpal, rPois rF+ rC+ Str-2}
   (You bought it in a shop on level 2 of the Orcish Mines)

   It inflicts extra damage upon your enemies.
   It affects your strength (-2).
   It protects you from fire.
   It protects you from cold.
   It protects you from poison.
Missiles
 e - 17 boomerangs of dispersal
 l - 109 poisoned darts (quivered)
Armour
 w - a +2 cloak of preservation (worn)
 A - the +8 orange crystal plate armour (worn) {Archmagi, Int+3 Clar}
   (You found it on level 2 of the Snake Pit)

   It affects your intelligence (+3).
   It protects you against confusion.
 B - the +4 cloak of Naoled {*Drain rElec MP+9 Dex+6 Stlth+}
   (You acquired it on level 1 of the Elven Halls)

   It affects your dexterity (+6).
   It insulates you from electricity.
   It affects your magic capacity (+9).
   It causes draining when unequipped.
   It makes you more stealthy.
 C - the +0 helmet of a Labyrinth (worn) {-Cast rF- Dex+9 Stlth+}
   (You acquired it on level 9 of the Dungeon)

   It affects your dexterity (+9).
   It makes you vulnerable to fire.
   It prevents spellcasting.
   It makes you more stealthy.
 D - a +2 pair of gloves (worn)
 E - the +0 pair of boots "Hero's Friend" (worn) {Slay+3}
   (You found it on level 5 of the Lair of Beasts)

   It affects your accuracy and damage with ranged weapons and melee attacks
   (+3).
 F - a +4 tower shield of reflection (worn)
Jewellery
 b - the ring of Pesour (right hand) {Str+3 SInv}
   (You took it off a yaktaur captain on level 14 of the Dungeon)

   [ring of see invisible]

   It affects your strength (+3).
   It lets you see invisible.
 h - the ring "Juleetz" (left hand) {rPois MR+ Dex+6 Stlth+}
   (You took it off a salamander in a wizard's laboratory)

   [ring of dexterity]

   It affects your dexterity (+6).
   It protects you from poison.
   It affects your resistance to hostile enchantments.
   It makes you more stealthy.
 u - an uncursed ring of resist corrosion
 z - the ring "Nuvonkat" {*Slow rPois rN+ Str+4 Dex+2}
   (You found it on level 3 of the Crypt)

   [ring of positive energy]

   It affects your strength (+4).
   It affects your dexterity (+2).
   It protects you from poison.
   It protects you from negative energy.
   It may slow you when you take damage.
 K - the ring of Duniazi {+Blink rN+ MR+ MP+9 Dex-4}
   (You found it on level 3 of the Crypt)

   [ring of positive energy]

   It affects your dexterity (-4).
   It protects you from negative energy.
   It affects your resistance to hostile enchantments.
   It affects your magic capacity (+9).
   It lets you blink.
 O - the ring of the Mage {Wiz MR++ Int+3}
   (You found it on level 11 of the Dungeon)

   [ring of wizardry]

   It improves your spell success rate.
   It affects your intelligence (+3).
   It affects your resistance to hostile enchantments.
 Q - the ring "Nyenuz" {rF+ rN+ Str-5 Int+10 Stlth+}
   (You found it on level 3 of the Crypt)

   [ring of positive energy]

   It affects your strength (-5).
   It affects your intelligence (+10).
   It protects you from fire.
   It protects you from negative energy.
   It makes you more stealthy.
 R - the amulet of Exhibitionism (around neck) {RegenMP +Inv MR+}
   (You found it in a Gauntlet)

   [amulet of magic regeneration]

   It increases your magic regeneration.
   It affects your resistance to hostile enchantments.
   It lets you turn invisible.
 U - the ring "Bopep" {+Fly Int+3 Slay+3}
   (You took it off a deep elf demonologist on level 3 of the Elven Halls)

   [ring of flight]

   It affects your intelligence (+3).
   It affects your accuracy and damage with ranged weapons and melee attacks
   (+3).
   It lets you fly.
Wands
 i - a wand of iceblast (37)
 y - a wand of paralysis (36)
 G - a wand of polymorph (24)
 H - a wand of digging (3)
 I - a wand of flame (57)
 P - a wand of enslavement (20)
 W - a wand of acid (48)
Scrolls
 c - 4 scrolls of blinking
 n - 6 scrolls of summoning
 r - 3 scrolls of identify
 M - 12 scrolls of teleportation
 T - a scroll of holy word
 Y - a scroll of fear
Potions
 f - 5 potions of lignification
 g - 8 potions of curing
 k - 3 potions of brilliance
 o - 6 potions of flight
 s - a potion of magic
 v - 5 potions of haste
 L - a potion of resistance
 X - 5 potions of might
Books
 N - a manual of Polearms
 S - a manual of Throwing
Miscellaneous
 m - a phial of floods
 x - a tin of tremorstones (3/3)
 Z - a lightning rod (4/4)
Comestibles
 d - 54 rations


   Skills:
 + Level 18.6 Fighting
   Level 13.0(15.4) Axes
 - Level 14.1(16.0) Maces & Flails
 + Level 8.0 Throwing
 + Level 13.3 Armour
 + Level 9.5 Dodging
 + Level 4.8 Stealth
 + Level 25.4 Shields
 + Level 4.4 Spellcasting
 + Level 1.2 Hexes
 + Level 5.1 Charms
 + Level 1.5 Translocations
 + Level 5.4 Evocations


You had 14 spell levels left.
You knew the following spells:

 Your Spells              Type           Power        Failure   Level  Hunger
a - Infusion              Chrm           ####         26%         1    None
b - Song of Slaying       Chrm           #####...     36%         2    #......
c - Shroud of Golubria    Chrm/Tloc      ####..       61%         2    #......
d - Ozocubu's Armour      Chrm/Ice       ###.....     91%         3    ###....
e - Spectral Weapon       Hex/Chrm       ###.....     86%         3    ###....
f - Confusing Touch       Hex            ##......     98%         3    ###....
g - Mephitic Cloud        Conj/Pois/Air  #.......     99%         3    ###....
h - Blink                 Tloc           N/A          86%         2    #......

Your spell library contained the following spells:

 Spells                   Type           Power        Failure   Level  Hunger
 Apportation              Tloc           ###...       73%         1    None
 Swiftness                Chrm/Air       ###.....     73%         2    #......
 Corona                   Hex            ##.....      77%         1    None
 Slow                     Hex            ##......     88%         2    #......
 Animate Skeleton         Necr           N/A          90%         1    None
 Beastly Appendage        Tmut           #.....       90%         1    None
 Foxfire                  Conj/Fire      #...         90%         1    None
 Magic Dart               Conj           #...         90%         1    None
 Pain                     Necr           #...         90%         1    None
 Sting                    Tmut/Pois      #...         90%         1    None
 Summon Butterflies       Summ           #.......     90%         1    None
 Summon Small Mammal      Summ           #...         90%         1    None
 Ensorcelled Hibernation  Hex/Ice        #.....       94%         2    #......
 Call Imp                 Summ           #.......     97%         2    #......
 Corpse Rot               Necr/Air       N/A          97%         2    #......
 Passwall                 Tmut/Erth      #.......     97%         2    #......
 Poisonous Vapours        Pois/Air       #.....       97%         2    #......
 Searing Ray              Conj           #.....       97%         2    #......
 Sticks to Snakes         Tmut           #.......     97%         2    #......
 Sublimation of Blood     Necr           #.........   97%         2    #......
 Gell's Gravitas          Tloc           ###.......   97%         3    ###....
 Lesser Beckoning         Tloc           ###.......   97%         3    ###....
 Portal Projectile        Hex/Tloc       ##....       98%         3    ###....
 Tukima's Dance           Hex            ##......     98%         3    ###....
 Call Canine Familiar     Summ           #.......     99%         3    ###....
 Conjure Flame            Conj/Fire      #.......     99%         3    ###....
 Dazzling Flash           Conj/Hex       #.....       99%         3    ###....
 Ignite Poison            Fire/Tmut/Pois #.......     99%         3    ###....
 Inner Flame              Hex/Fire       #.......     99%         3    ###....
 Spider Form              Tmut/Pois      #.........   99%         3    ###....
 Static Discharge         Conj/Air       #.......     99%         3    ###....
 Vampiric Draining        Necr           #.........   99%         3    ###....
 Animate Dead             Necr           N/A          100%        4    ####...
 Cause Fear               Hex            ##........   100%        4    ####...
 Dispel Undead            Necr           #.......     100%        4    ####...
 Fulminant Prism          Conj/Hex       #.........   100%        4    ####...
 Hailstorm                Conj/Ice       #.......     100%        4    ####...
 Ice Form                 Ice/Tmut       #.......     100%        4    ####...
 Iskenderun's Mystic Bla  Conj/Tloc      ##......     100%        4    ####...
 Leda's Liquefaction      Hex/Erth       #.........   100%        4    ####...
 Passage of Golubria      Tloc           N/A          100%        4    ####...
 Petrify                  Tmut/Erth      #.......     100%        4    ####...
 Summon Ice Beast         Ice/Summ       #.......     100%        4    ####...
 Agony                    Necr           #.......     100%        5    ######.
 Alistair's Intoxication  Tmut/Pois      #.......     100%        5    ######.
 Blade Hands              Tmut           #.........   100%        5    ######.
 Excruciating Wounds      Chrm/Necr      ###.......   100%        5    ######.
 Irradiate                Conj/Tmut      #.........   100%        5    ######.
 Iskenderun's Battlesphe  Conj/Chrm      ###.....     100%        5    ######.
 Lee's Rapid Deconstruct  Erth           #.........   100%        5    ######.
 Lightning Bolt           Conj/Air       #.........   100%        5    ######.
 Metabolic Englaciation   Hex/Ice        #.........   100%        5    ######.
 Silence                  Hex/Air        #.........   100%        5    ######.
 Summon Mana Viper        Hex/Summ       #.......     100%        5    ######.
 Yara's Violent Unravell  Hex/Tmut       #.........   100%        5    ######.
 Darkness                 Hex            ##........   100%        6    #######
 Dispersal                Tloc           ###.......   100%        6    #######
 Eringya's Noxious Bog    Tmut/Pois      #.........   100%        6    #######
 Freezing Cloud           Conj/Ice/Air   #.........   100%        6    #######
 Hydra Form               Tmut           #.........   100%        6    #######
 Invisibility             Hex            ##......     100%        6    #######
 Statue Form              Tmut/Erth      #........    100%        6    #######
 Dragon Form              Tmut           #.........   100%        7    #######
 Ring of Flames           Chrm/Fire      ###.......   100%        7    #######
 Summon Hydra             Summ           #.........   100%        7    #######
 Controlled Blink         Tloc           N/A          100%        8    #######
 Discord                  Hex            ##........   100%        8    #######
 Disjunction              Tloc           ###.......   100%        8    #######
 Ignition                 Fire           #.........   100%        8    #######
 Dragon's Call            Summ           #.........   100%        9    #######
 Shatter                  Erth           #.........   100%        9    #######
 Tornado                  Air            #.........   100%        9    #######


Dungeon Overview and Level Annotations

Branches:
Dungeon (15/15)            Temple (1/1) D:4            Lair (6/6) D:11
 Shoals (4/4) Lair:3        Snake (4/4) Lair:2        Slime (5/5) Lair:5
    Orc (2/2) D:9             Elf (3/3) Orc:2        Vaults (4/5) D:13
  Crypt (3/3) Vaults:3       Tomb (0/3) Crypt:3      Depths (4/5) D:15
Ossuary (visited)           IceCv (visited)          WizLab (visited)
Gauntlet (visited)

Altars:
Ashenzari
Cheibriados
Dithmenos
Elyvilon
Fedhas
Gozag
Hepliaklqana
Kikubaaqudgha
Makhleb
Nemelex Xobeh
Okawaru
Qazlal
Ru
Sif Muna
Trog
Uskayaw
Vehumet
Wu Jian
Xom
Yredelemnul
Zin
The Shining One
Beogh
Jiyva

Shops:
D:9 [   D:10 %   D:15 *   Orc:1 !   Orc:2 ![:(   Elf:1 =}=?   Shoals:2 [=
Snake:1 %   Snake:2 !*:*   Vaults:1 }   Depths:2 %

Portals:
Hell: Depths:1 Depths:2 Depths:3
Abyss: Depths:2
Pandemonium: Depths:3
Ziggurat: Depths:2


Innate Abilities, Weirdness & Mutations

You have razor-sharp teeth.
You heal very quickly.
When hurt, damage is shared between your health and your magic reserves.
Your bite disrupts and absorbs the magic of your enemies.
Potions cannot restore your health.
You are immune to rotting.
You are partially covered in large bone plates. (SH +4)
You tend to lose your temper in combat.
Scrolls take you a little longer to read.
Your mind is acute. (Int +2)
Armour fits poorly on your strangely shaped body.
Your magical capacity is very low. (-20% MP)
You are robust. (+10% HP)
You occasionally shout uncontrollably at your foes.
You are weak. (Str -2)


Message History

The acid blob is severely wounded.
The azure jelly hits you but does no damage.
You block the azure jelly's attack. x2
The azure jelly hits you but does no damage.
The death ooze hits you! x2
You hit the acid blob. You freeze the acid blob. The acid corrodes you!
Your hands burn!
You bite the acid blob, but do no damage.
The acid blob is severely wounded.
You block the acid blob's attack. The azure jelly barely misses you.
The azure jelly hits you. The azure jelly freezes you!!
* * * LOW HITPOINT WARNING * * *
You block the azure jelly's attack. The azure jelly closely misses you.
You block the death ooze's attack. The death ooze hits you!
* * * LOW HITPOINT WARNING * * *
You block the death ooze's attack. The death ooze barely misses you.
The acid blob hits you!!
* * * LOW HITPOINT WARNING * * *
You are splashed with acid.
You resist.
You die...

#.### #....## ... ##...##
#...## #.# ###.....#
##...### ##.## ##......##
#....#.###...# ##......##
#.......##...#
#.......#####......###...#
##.........#........##...#
##.#........J...#........#
#..........@J............#
##.#........J.>.........##
###.#..................##
#......................#
##.##......................#
#.......................<.##
##.##.....................##
# ##.#................^..#
####....#.##.........##


You could see an acid blob, an azure jelly and a death ooze.

Vanquished Creatures
  the Royal Jelly (Slime:5)
  2 ancient liches
  Frederick (Depths:3)
  Margery (Vaults:2)
  Xtahua (Vaults:2)
  Vashnia (Snake:4)
  A caustic shrike (Depths:2)
  A profane servitor (Crypt:3)
  A bone dragon (Crypt:3)
  A golden dragon (Depths:4)
  A mutant beast (WizLab)
  2 tentacled monstrosities (Depths:1)
  4 liches
  Asterion (Vaults:1)
  21 acid blobs
  A quicksilver dragon (Depths:3)
  An Executioner (Abyss:3)
  4 deep elf blademasters
  3 tentacled starspawn (Abyss:2)
  5 ancient champions
  4 sphinxes
  Kirke (Snake:1)
  4 tengu reavers
  Donald (Vaults:1)
  Roxanne (Shoals:2)
  A storm dragon (Depths:2)
  2 revenants
  14 azure jellies
  5 nagarajas (Snake:4)
  Ilsuiw (Shoals:2)
  An iron dragon (Depths:4)
  A draconian monk (Abyss:2)
  8 vault wardens
  Aizul (Snake:1)
  3 frost giants
  5 fire giants
  A ghoul (Crypt:3)
  4 cacodemons
  8 deep elf sorcerers
  Louise (D:15)
  3 deep elf elementalists (Elf:3)
  5 ironheart preservers
  2 orc warlords
  12 stone giants
  2 entropy weavers
  10 very ugly things
  4 deep elf demonologists
  3 vampire knights
  6 deep elf annihilators (Elf:3)
  4 dire elephants (Lair:6)
  A minotaur (Gauntlet)
  4 spark wasps (Depths:1)
  The ghost of Nurip the Cleaver, a journeyman MiBe of Trog (Lair:3)
  The ghost of SamuraiZach the Brawler, a journeyman TrBe of Trog (Shoals:1)
  Snorg (D:9)
  4 merfolk javelineers
  4 death oozes
  3 eidola
  An ettin (shapeshifter) (Depths:2)
  8 deep elf death magi
  8 ettins
  4 fire dragons
  A crystal guardian (D:14)
  Josephine (Lair:5)
  24 jiangshi
  5 merfolk impalers
  14 ogre magi
  16 yaktaur captains
  5 deep elf high priests (Elf:3)
  Erolcha (Orc:2)
  13 great orbs of eyes
  10 ice dragons
  The ghost of mopl the Covert, a journeyman OpEn of Dithmenos (D:11)
  14 naga warriors
  4 spriggan air magi
  6 hydras
  Harold (Orc:1)
  2 merfolk aquamancers (Shoals:4)
  An anaconda (shapeshifter) (WizLab)
  10 vault guards
  4 alligator snapping turtles
  9 rakshasas
  A catoblepas (Lair:6)
  3 merfolk avatars
  7 death knights
  A two-headed ogre (shapeshifter) (D:14)
  29 dancing weapons
  A queen ant (shapeshifter) (Elf:2)
  9 anacondas
  29 two-headed ogres
  14 centaur warriors
  6 death yaks (Lair:6)
  A satyr (Shoals:2)
  13 tengu warriors
  4 deep troll shamans
  6 deep troll earth magi
  2 hell hogs (Depths:3)
  An orc high priest (Elf:1)
  7 vampire magi
  10 naga sharpshooters
  3 sun demons (Depths:3)
  17 deep elf knights
  2 spriggan berserkers
  Sonja (Orc:1)
  A thrashing horror (Abyss:2)
  A soul eater (Crypt:1)
  13 shock serpents
  An iron golem (WizLab)
  3 fire crabs (shapeshifter)
  3 wretched stars
  2 golden dragon zombies
  A sixfirhy (Depths:3)
  2 salamander mystics (Snake:4)
  11 hell knights
  5 shadow wraiths
  32 skeletal warriors
  A glowing orange brain (shapeshifter) (WizLab)
  13 deep trolls
  6 sea snakes
  A storm dragon skeleton (Crypt:2)
  A shadow demon (Depths:3)
  15 naga ritualists
  6 flayed ghosts
  8 wizards
  A tengu zombie (Vaults:3)
  2 unseen horrors
  17 deep elf archers
  12 ironbrand convokers
  24 harpies
  A harpy (shapeshifter) (Vaults:4)
  A glowing orange brain (Vaults:3)
  A sphinx zombie (Crypt:2)
  13 phantasmal warriors
  A lindwurm (shapeshifter) (WizLab)
  11 necromancers
  80 deep elf magi
  54 ugly things
  6 oklob plants
  A faun (shapeshifter) (Depths:2)
  12 fauns
  13 manticores
  7 shining eyes
  A fire giant zombie (Crypt:1)
  11 mana vipers
  A frost giant zombie (Depths:1)
  23 orc knights
  A sphinx skeleton (Vaults:3)
  15 orc sorcerers
  6 merfolk sirens
  A moth of wrath (shapeshifter) (Depths:2)
  5 wolf spiders
  Maurice (Orc:2)
  7 cyclopes
  A guardian serpent (shapeshifter) (Vaults:1)
  Joseph (D:7)
  7 salamanders
  An iron dragon skeleton (Crypt:2)
  A centaur zombie (D:15)
  2 salamanders (shapeshifter)
  21 naga magi
  6 guardian serpents
  A worldbinder (Abyss:2)
  8 rust devils (Depths:4)
  14 elephants (Lair:6)
  3 eyes of devastation
  7 water nymphs
  An apocalypse crab (Abyss:2)
  39 black mambas
  3 ice statues (IceCv)
  A spiny frog (shapeshifter) (WizLab)
  11 vault sentinels
  A black mamba (shapeshifter) (WizLab)
  A fire giant skeleton (Vaults:3)
  A dire elephant zombie (Crypt:1)
  2 orange demons
  2 shock serpent skeletons
  A centaur skeleton (D:15)
  5 spiny frogs
  2 rime drakes (shapeshifter)
  7 komodo dragons
  4 rime drakes
  47 yaktaurs
  13 ice devils
  4 komodo dragons (shapeshifter) (WizLab)
  An elf (WizLab)
  A pale draconian skeleton (Crypt:1)
  14 freezing wraiths
  3 ancient zymes (Abyss:2)
  3 efreet
  A queen bee (shapeshifter) (WizLab)
  A meliai (shapeshifter) (WizLab)
  A hydra skeleton (Crypt:1)
  A troll (shapeshifter) (WizLab)
  6 wind drakes (Shoals:4)
  A wind drake (shapeshifter) (Vaults:1)
  2 tengu conjurers
  A hydra zombie (Crypt:1)
  25 merfolk
  2 polar bears (shapeshifter) (WizLab)
  6 trolls
  A merfolk (shapeshifter) (WizLab)
  A polar bear (Lair:5)
  12 hornets
  A raiju (shapeshifter) (WizLab)
  138 slime creatures
  18 large abominations
  15 dream sheep
  A human simulacrum (Vaults:3)
  13 blink frogs
  5 raiju (Abyss:2)
  9 snapping turtles
  An iron dragon simulacrum (Depths:1)
  A stone giant simulacrum (Crypt:3)
  9 hippogriffs
  2 hippogriffs (shapeshifter) (Vaults:1)
  14 starcursed masses (Abyss:2)
  57 flying skulls
  2 redbacks (shapeshifter)
  3 ynoxinuls (Abyss:2)
  A deep troll skeleton (Depths:1)
  An ettin skeleton (Vaults:3)
  6 centaur simulacra
  7 shadows
  6 air elementals
  A spriggan (shapeshifter) (Vaults:2)
  A tarantella (shapeshifter) (D:14)
  2 redbacks (Vaults:1)
  3 spriggans (Depths:2)
  25 small abominations
  30 yaks
  11 humans
  2 vampires (D:15)
  9 water elementals
  14 wraiths
  A basilisk (shapeshifter) (Vaults:4)
  A basilisk (Lair:3)
  A hog (shapeshifter) (WizLab)
  A fire bat (shapeshifter) (WizLab)
  4 fire elementals
  A hog (Snake:1)
  5 wyverns
  Grum (D:9)
  2 golden eyes (shapeshifter)
  8 golden eyes
  A steam dragon (D:8)
  2 vampire mosquitoes (D:13)
  5 neqoxecs
  Menkaure (D:7)
  2 soldier ants
  11 wargs
  50 nagas
  12 water moccasins
  2 acid dragons
  An orb spider zombie (Crypt:2)
  14 porcupines
  9 hell hounds
  A floating eye (shapeshifter) (WizLab)
  5 floating eyes
  4 black bears (shapeshifter)
  3 elephant zombies (Lair:4)
  An ice beast (shapeshifter) (Vaults:1)
  A spiny frog skeleton (Crypt:3)
  A hornet zombie (D:7)
  49 orc warriors
  An eye of draining (shapeshifter) (WizLab)
  An ice dragon simulacrum (Crypt:3)
  3 black bears
  7 ice beasts
  2 sky beasts
  8 necrophages
  3 phantoms
  An infernal demonspawn skeleton (Crypt:2)
  36 ogres
  An elf skeleton (Vaults:2)
  A wolf (shapeshifter) (WizLab)
  7 eyes of draining
  2 boggarts
  31 wolves
  28 centaurs
  A human skeleton (Vaults:3)
  11 crocodiles
  A big kobold (D:11)
  25 bullfrogs
  4 earth elementals
  4 gnoll sergeants (D:8)
  15 scorpions
  A wyvern skeleton (D:14)
  A blink frog simulacrum (Lair:3)
  A water moccasin skeleton (D:5)
  A troll zombie (Crypt:1)
  A spriggan zombie (Abyss:2)
  A spriggan skeleton (Crypt:1)
  A swamp dragon simulacrum (Crypt:1)
  21 killer bees
  3 wights (Crypt:2)
  A rime drake simulacrum (Lair:3)
  2 howler monkeys (D:5)
  4 electric eels (Lair:4)
  2 crimson imps
  2 bullfrog zombies
  A wyvern simulacrum (Lair:3)
  A basilisk zombie (Lair:4)
  7 jellies
  2 komodo dragon simulacra (Lair:3)
  An elf simulacrum (Crypt:1)
  2 bullfrog skeletons
  5 human zombies
  34 orc priests
  A gnoll shaman (D:8)
  11 hounds
  3 iron imps (Abyss:2)
  46 orc wizards
  5 iguanas
  10 worker ants
  Natasha (thrice) (D:2)
  A polar bear simulacrum (Lair:3)
  A porcupine skeleton (Crypt:2)
  2 troll simulacra (IceCv)
  5 big kobold zombies (Ossuary)
  2 crocodile zombies (Lair:4)
  A deep dwarf zombie (Crypt:2)
  An acid dragon skeleton (Crypt:1)
  A hound zombie (D:7)
  3 hound skeletons
  4 mummies
  A howler monkey zombie (D:10)
  A worker ant zombie (D:7)
  20 gnolls
  A naga simulacrum (IceCv)
  4 scorpion zombies (Ossuary)
  11 adders
  3 ogre simulacra (IceCv)
  5 shadow imps
  A white imp (Vaults:4)
  An ufetubus (Abyss:2)
  2 oozes
  An iguana zombie (Crypt:1)
  4 worms
  A barachi skeleton (Crypt:1)
  4 dart slugs
  3 leopard geckos
  118 orcs
  A bat zombie (Crypt:1)
  4 giant cockroaches
  3 goblins
  7 hobgoblins
  4 jackals (D:5)
  3 quokkas
  A ball python (D:4)
  4 bats
  12 frilled lizards
  A gnoll zombie (Crypt:2)
  A goblin skeleton (Crypt:1)
  3 goblin zombies (Ossuary)
  A hobgoblin zombie (D:5)
  A jackal zombie (Crypt:1)
  6 kobolds
  2 kobold zombies
  4 orc zombies
  A quokka skeleton (D:8)
  13 rats
  A bush (Lair:2)
  A butterfly (Lair:1)
  3 crawling corpses (Elf:3)
  2 fungi (D:11)
  8 plants
  A starspawn tentacle (Abyss:2)
2542 creatures vanquished.

Vanquished Creatures (collateral kills)
  A storm dragon (Depths:2)
  A yaktaur captain (Depths:2)
  An orc high priest (Elf:3)
  3 deep troll shamans (Depths:2)
  2 iron trolls (Depths:2)
  An ugly thing (D:14)
  A tengu conjurer (Depths:4)
  A freezing wraith (Vaults:2)
  An orc warrior (Elf:3)
12 creatures vanquished.

Vanquished Creatures (others)
  A nagaraja (Snake:4)
  A frost giant (Depths:2)
  2 ironheart preservers
  A yaktaur captain (Depths:3)
  2 naga sharpshooters (Snake:4)
  An orc knight (Elf:3)
  An ugly thing (Depths:3)
  A vault sentinel (Vaults:2)
  3 humans (Snake:1)
  A gnoll (D:8)
  An orc (Orc:2)
  A bush (Lair:2)
  22 fungi
  31 plants
  2 spectral weapons
  8 starspawn tentacles (Abyss:2)
79 creatures vanquished.

Grand Total: 2633 creatures vanquished

Notes
Turn   | Place    | Note
-------+----------+-------------------------------------------
     0 | D:1      | yogakurto the Vine Stalker Skald began the quest for the
                  | Orb.
     0 | D:1      | Reached XP level 1. HP: 11/11 MP: 4/4
   315 | D:1      | Reached XP level 2. HP: 15/15 MP: 6/6
   322 | D:1      | Learned a level 2 spell: Song of Slaying
   325 | D:1      | Learned a level 2 spell: Shroud of Golubria
   625 | D:2      | Reached XP level 3. HP: 18/18 MP: 7/7
   675 | D:2      | Reached skill level 1 in Armour
   739 | D:2      | Noticed Natasha
   750 | D:2      | Killed Natasha
   750 | D:2      | Gained mutation: Your natural rate of healing is unusually
                  | fast. [Vine Stalker growth]
   750 | D:2      | Reached XP level 4. HP: 16/23 MP: 5/8
   820 | D:2      | Noticed Natasha
   832 | D:2      | Killed Natasha
   916 | D:2      | Found a glowing golden altar of the Shining One.
   916 | D:2      | Found a radiant altar of Vehumet.
   917 | D:2      | Found a basalt altar of Yredelemnul.
   927 | D:2      | Became a worshipper of the Shining One
  1000 | D:2      | Learned a level 3 spell: Ozocubu's Armour
  1208 | D:2      | Found a snail-covered altar of Cheibriados.
  1269 | D:2      | Noticed Natasha
  1278 | D:2      | Killed Natasha
  1278 | D:2      | Reached XP level 5. HP: 25/26 MP: 10/10
  1634 | D:3      | Reached XP level 6. HP: 15/31 MP: 9/11
  1712 | D:3      | Reached * piety under the Shining One
  1772 | D:3      | Found a burning altar of Makhleb.
  1777 | D:3      | Found a blossoming altar of Fedhas.
  2191 | D:3      | Found a shimmering altar of Xom.
  2650 | D:4      | Reached XP level 7. HP: 33/35 MP: 12/12
  2660 | D:4      | Learned a level 3 spell: Spectral Weapon
  2977 | D:4      | Found a staircase to the Ecumenical Temple.
  2999 | Temple   | Entered the Ecumenical Temple
  3276 | D:4      | Reached ** piety under the Shining One
  3565 | D:5      | Entered Level 5 of the Dungeon
  3638 | D:5      | Reached skill level 5 in Axes
  3678 | D:5      | Gained mutation: You have razor-sharp teeth. [Vine Stalker
                  | growth]
  3678 | D:5      | Reached XP level 8. HP: 42/42 MP: 13/13
  4382 | D:6      | Found a bloodstained altar of Trog.
  4413 | D:6      | Reached *** piety under the Shining One
  4434 | D:6      | Reached skill level 1 in Stealth
  4624 | D:6      | Reached XP level 9. HP: 46/46 MP: 15/15
  4779 | D:7      | Reached skill level 5 in Fighting
  5268 | D:7      | Noticed Menkaure
  5281 | D:7      | Killed Menkaure
  5281 | D:7      | Reached skill level 1 in Hexes
  5300 | D:7      | Learned a level 3 spell: Confusing Touch
  5464 | D:7      | Noticed Joseph
  5481 | D:7      | Killed Joseph
  5481 | D:7      | Reached XP level 10. HP: 44/53 MP: 16/16
  5866 | D:8      | Reached **** piety under the Shining One
  5905 | D:7      | Reached skill level 5 in Charms
  6034 | D:8      | Noticed a two-headed ogre
  6050 | D:8      | Killed a two-headed ogre
  6101 | D:8      | Found a sand-covered staircase.
  6116 | D:8      | HP: 1/55 [something (4)]
  6242 | Ossuary  | Entered an ossuary
  6434 | Ossuary  | Reached ***** piety under the Shining One
  6586 | Ossuary  | Reached skill level 10 in Axes
  6611 | Ossuary  | Cast into level 3 of the Abyss (unwielding a weapon of
                  | distortion)
  6614 | Abyss:3  | Gained mutation: Your magical capacity is low. (-10% MP) [a
                  | neqoxec]
  6615 | Abyss:3  | Gained mutation: Your body sometimes deteriorates upon
                  | taking damage. [a neqoxec]
  6616 | Abyss:3  | Reached XP level 11. HP: 58/58 MP: 16/16
  6626 | Ossuary  | Escaped the Abyss
  6734 | Ossuary  | Lost mutation: Your body sometimes deteriorates upon taking
                  | damage. [potion of mutation]
  6734 | Ossuary  | Lost mutation: Your magical capacity is low. (-10% MP)
                  | [potion of mutation]
  6734 | Ossuary  | Gained mutation: Your muscles are strong. (Str +2) [potion
                  | of mutation]
  6734 | Ossuary  | Gained mutation: You are frail. (-10% HP) [potion of
                  | mutation]
  6734 | Ossuary  | Gained mutation: You are clumsy. (Dex -2) [potion of
                  | mutation]
  6734 | Ossuary  | Gained mutation: Your muscles are very strong. (Str +4)
                  | [potion of mutation]
  6748 | Ossuary  | Learned a level 3 spell: Gell's Gravitas
  7503 | D:9      | Found Sodac's Armour Emporium.
  7545 | D:9      | Noticed Grum
  7559 | D:9      | Killed Grum
  7587 | D:9      | Got a bloodstained trident
  7593 | D:9      | Identified a scroll of acquirement
  7594 | D:9      | Got the +0 helmet of a Labyrinth {-Cast rF- Dex+9 Stlth+}
  7606 | D:9      | Identified the +7 trident of the Protecting Salmon {drain,
                  | *Corrode rC++ Int+3 Dex+3} (You found it on level 9 of the
                  | Dungeon)
  7702 | D:9      | Found a shimmering blue altar of Sif Muna.
  7825 | D:9      | Found a staircase to the Orcish Mines.
  7907 | D:9      | Reached skill level 5 in Dodging
  7966 | D:9      | Found a stormy altar of Qazlal.
  8094 | D:10     | Entered Level 10 of the Dungeon
  8182 | D:10     | Noticed a two-headed ogre
  8197 | D:10     | Killed a two-headed ogre
  8206 | D:10     | Found Lolicsoqab's Food Emporium.
  9259 | D:11     | Found a staircase to the Lair.
  9388 | D:11     | Found a runed translucent gate.
  9388 | D:11     | Found a runed translucent gate.
  9388 | D:11     | Found a runed translucent gate.
  9388 | D:11     | Noticed mopl's ghost (journeyman OpEn)
  9389 | D:11     | Found the ring of the Mage {Wiz MR++ Int+3}
  9389 | D:11     | Noticed a 12-headed hydra
  9389 | D:11     | Noticed a 12-headed hydra
  9530 | D:11     | Paralysed by a hornet for 3 turns
  9648 | D:11     | Killed mopl's ghost
  9711 | D:11     | Killed a 12-headed hydra
  9711 | D:11     | Reached skill level 1 in Throwing
  9711 | D:11     | Gained mutation: You heal very quickly. [Vine Stalker
                  | growth]
  9711 | D:11     | Reached XP level 12. HP: 37/58 MP: 16/19
  9779 | D:11     | Killed a 12-headed hydra
  9991 | D:11     | Learned a level 2 spell: Blink
  9996 | D:11     | Learned a level 3 spell: Mephitic Cloud
 10205 | D:12     | Reached skill level 1 in Evocations
 10543 | Orc:1    | Entered Level 1 of the Orcish Mines
 10549 | Orc:1    | Noticed Harold
 10564 | Orc:1    | Killed Harold
 10620 | Orc:1    | Noticed Snorg
 10838 | D:9      | Killed Snorg
 10985 | Lair:1   | Entered Level 1 of the Lair of Beasts
 11127 | Orc:1    | Reached skill level 5 in Armour
 11127 | Orc:1    | Reached skill level 1 in Translocations
 11146 | Orc:1    | Found Zuroschie's Distillery.
 11273 | Orc:1    | Reached ****** piety under the Shining One
 11279 | Orc:1    | Noticed Sonja
 11468 | Orc:1    | Cast into level 2 of the Abyss (Sonja)
 11702 | Abyss:2  | Noticed an angel
 11776 | Orc:1    | Escaped the Abyss
 11790 | Orc:1    | Killed Sonja
 11853 | Orc:1    | Noticed an orc warlord
 11951 | D:9      | Killed an orc warlord
 12202 | Orc:1    | Noticed a two-headed ogre
 12209 | Orc:1    | Killed a two-headed ogre
 12211 | Orc:1    | Reached XP level 13. HP: 63/63 MP: 20/20
 12276 | Orc:1    | Identified a +6 hand axe of holy wrath (a +4 vorpal hand
                  | axe blessed by the Shining One)
 12276 | Orc:1    | Received a gift from the Shining One
 12386 | Orc:2    | Entered Level 2 of the Orcish Mines
 12456 | Orc:2    | Reached skill level 1 in Shields
 12758 | Orc:2    | Found a staircase to the Elven Halls.
 12790 | Orc:2    | Noticed Maurice
 12805 | Orc:2    | Killed Maurice
 13039 | Orc:2    | Noticed an ogre mage
 13047 | Orc:2    | Killed an ogre mage
 13146 | Orc:2    | Found Luexih's Antique Weapon Emporium.
 13159 | Orc:2    | Bought a brightly glowing scythe for 288 gold pieces
 13164 | Orc:2    | Identified the +10 scythe of the Apocalypse {vorpal, Int+5
                  | Dex-5} (You bought it in a shop on level 2 of the Orcish
                  | Mines)
 13165 | Orc:2    | Bought a slimy morningstar for 324 gold pieces
 13165 | Orc:2    | Identified the +8 morningstar of Ufuff {vorpal, rPois rF+
                  | rC+ Str-2} (You bought it in a shop on level 2 of the
                  | Orcish Mines)
 13199 | Orc:2    | Found Gism's Book Shoppe.
 13210 | Orc:2    | Noticed Erolcha
 13219 | Orc:2    | Killed Erolcha
 13219 | Orc:2    | Reached skill level 2 in Shields
 13238 | Orc:2    | Found a radiant altar of Vehumet.
 13254 | Orc:2    | Reached skill level 1 in Maces & Flails
 13276 | Orc:2    | Found Legum's Antique Armour Shoppe.
 13300 | Orc:2    | Paralysed by an orc sorcerer for 7 turns
 13449 | Orc:2    | Found a roughly hewn altar of Beogh.
 13449 | Orc:2    | Found Aferemo's Distillery.
 13455 | Orc:2    | Found an ancient bone altar of Kikubaaqudgha.
 13466 | Orc:2    | Bought a brightly glowing robe for 125 gold pieces
 14259 | Lair:1   | Identified the cursed +0 robe of Conscience {Regen+ Dex+2
                  | Stlth-} (You bought it in a shop on level 2 of the Orcish
                  | Mines)
 15196 | Lair:2   | Found a staircase to the Snake Pit.
 15308 | Lair:2   | Found a gate leading to a gauntlet.
 15319 | Gauntlet | Entered a Gauntlet
 15319 | Gauntlet | Found a transporter.
 15319 | Gauntlet | Found a transporter.
 15320 | Gauntlet | Found a transporter.
 15321 | Gauntlet | Found a transporter.
 15324 | Gauntlet | Found a transporter.
 15326 | Gauntlet | Found a transporter.
 15331 | Gauntlet | Found a transporter.
 15333 | Gauntlet | Found a transporter.
 15335 | Gauntlet | Found a transporter.
 15335 | Gauntlet | Found a transporter.
 15341 | Gauntlet | Noticed a great orb of eyes
 15342 | Gauntlet | Noticed a cacodemon
 15343 | Gauntlet | Found a transporter.
 15343 | Gauntlet | Found a transporter.
 15344 | Gauntlet | Found the cursed necklace of Bloodlust {*Rage +Rage MR++
                  | Int-3 Slay+6 *Curse}
 15692 | Gauntlet | Identified the Incunabulum of Unholy Ice
 15725 | Gauntlet | Reached skill level 5 in Maces & Flails
 15779 | Gauntlet | Killed a cacodemon
 15795 | Gauntlet | Got a fine diamond amulet
 15800 | Gauntlet | Lost mutation: Your muscles are very strong. (Str +4)
                  | [potion of mutation]
 15800 | Gauntlet | Lost mutation: You are frail. (-10% HP) [potion of
                  | mutation]
 15800 | Gauntlet | Gained mutation: You are robust. (+10% HP) [potion of
                  | mutation]
 15800 | Gauntlet | Gained mutation: You tend to lose your temper in combat.
                  | [potion of mutation]
 15800 | Gauntlet | Gained mutation: Your mind is acute. (Int +2) [potion of
                  | mutation]
 15807 | Gauntlet | Identified the amulet of Exhibitionism {RegenMP +Inv MR+}
                  | (You found it in a Gauntlet)
 15834 | Gauntlet | Identified the cursed +0 war axe of Vanity {venom, Fragile
                  | Str+2 Dex+2 Stlth+}
 15834 | Gauntlet | Noticed a minotaur
 15843 | Gauntlet | Killed a minotaur
 16202 | Lair:2   | Reached skill level 10 in Fighting
 16294 | Lair:3   | Reached XP level 14. HP: 47/84 MP: 18/21
 16568 | Lair:3   | Found a staircase to the Shoals.
 17057 | Lair:3   | Noticed Nurip's ghost (journeyman MiBe)
 17090 | Lair:3   | Found a runed translucent gate.
 17090 | Lair:3   | Found a runed translucent gate.
 17090 | Lair:3   | Found a runed translucent gate.
 17139 | Lair:3   | Killed Nurip's ghost
 17200 | Lair:3   | Lost mutation: Your muscles are strong. (Str +2) [potion of
                  | mutation]
 17200 | Lair:3   | Lost mutation: You are robust. (+10% HP) [potion of
                  | mutation]
 17200 | Lair:3   | Lost mutation: You are clumsy. (Dex -2) [potion of
                  | mutation]
 17200 | Lair:3   | Gained mutation: You expend magic power (3 MP) to
                  | strengthen your wands. [potion of mutation]
 17201 | Lair:3   | Lost mutation: You tend to lose your temper in combat.
                  | [potion of mutation]
 17201 | Lair:3   | Lost mutation: Your mind is acute. (Int +2) [potion of
                  | mutation]
 17201 | Lair:3   | Gained mutation: You have an increased reservoir of magic.
                  | (+10% MP) [potion of mutation]
 17201 | Lair:3   | Gained mutation: Your mind is acute. (Int +2) [potion of
                  | mutation]
 17201 | Lair:3   | Gained mutation: You have supernaturally acute eyesight.
                  | (SInv) [potion of mutation]
 17201 | Lair:3   | Gained mutation: Your mind is very acute. (Int +4) [potion
                  | of mutation]
 17761 | Lair:4   | Got a distressingly furry leather armour
 17772 | Lair:4   | Identified the +0 leather armour of Henotheism {rN+ Str+4}
                  | (You found it on level 4 of the Lair of Beasts)
 18613 | Lair:5   | Found a staircase to the Slime Pits.
 18614 | Lair:5   | Found a viscous altar of Jiyva.
 18828 | Lair:5   | Noticed Josephine
 18838 | Lair:5   | Killed Josephine
 18855 | Lair:5   | Got a transparent chain mail
 18866 | Lair:5   | Identified the +5 chain mail of Misanthropy {*Corrode
                  | Dex+5} (You found it on level 5 of the Lair of Beasts)
 18908 | Lair:5   | Got a pair of slimy boots
 18919 | Lair:5   | Identified the +0 pair of boots "Hero's Friend" {Slay+3}
                  | (You found it on level 5 of the Lair of Beasts)
 19246 | Lair:6   | Entered Level 6 of the Lair of Beasts
 19331 | Lair:6   | Reached skill level 3 in Shields
 19494 | Lair:6   | Got the +6 eveningstar of Expedience {vorpal, MR- Int+2
                  | Dex+2}
 19677 | Lair:6   | Reached XP level 15. HP: 81/81 MP: 24/24
 19691 | Lair:6   | Reached skill level 10 in Maces & Flails
 20864 | Lair:6   | Reached skill level 4 in Shields
 20935 | Lair:6   | Reached skill level 5 in Throwing
 21197 | Shoals:1 | Entered Level 1 of the Shoals
 21377 | Shoals:1 | Found a shadowy altar of Dithmenos.
 21448 | Shoals:1 | Upgraded the game from 0.25.0-11-g1f837a76a1 to
                  | 0.25.0-15-gac7dcb8919
 21662 | Shoals:1 | Found a runed translucent door.
 21662 | Shoals:1 | Noticed SamuraiZach's ghost (journeyman TrBe)
 21708 | Shoals:1 | Killed SamuraiZach's ghost
 22374 | Shoals:2 | Found Dofomut's Armour Shoppe.
 22393 | Shoals:2 | Got an ancient leather armour
 22394 | Shoals:2 | Identified the +3 leather armour of Wrong Decisions {Regen+
                  | Slay+3} (You found it on level 2 of the Shoals)
 22550 | Shoals:2 | Noticed Roxanne
 22569 | Shoals:2 | Killed Roxanne
 22686 | Shoals:2 | Noticed Ilsuiw
 22707 | Shoals:2 | Killed Ilsuiw
 22777 | Shoals:2 | Lost mutation: Your mind is very acute. (Int +4) [potion of
                  | mutation]
 22777 | Shoals:2 | Lost mutation: You expend magic power (3 MP) to strengthen
                  | your wands. [potion of mutation]
 22777 | Shoals:2 | Gained mutation: You occasionally shout uncontrollably at
                  | your foes. [potion of mutation]
 22777 | Shoals:2 | Gained mutation: You are agile. (Dex +2) [potion of
                  | mutation]
 22777 | Shoals:2 | Gained mutation: You are partially covered in large bone
                  | plates. (SH +4) [potion of mutation]
 22777 | Shoals:2 | Gained mutation: You are robust. (+10% HP) [potion of
                  | mutation]
 22807 | Shoals:2 | Reached XP level 16. HP: 95/95 MP: 25/25
 22976 | Shoals:2 | Reached skill level 5 in Shields
 22991 | Shoals:2 | Found Usina's Jewellery Shop.
 23893 | Shoals:4 | Entered Level 4 of the Shoals
 24610 | Shoals:4 | Reached skill level 6 in Shields
 24824 | Shoals:4 | Got a fine spear
 24826 | Shoals:4 | Identified the +5 spear of Sezitad {protect, rC+ Int+3}
                  | (You found it on level 4 of the Shoals)
 25204 | Shoals:4 | Got a barnacled rune of Zot
 26526 | D:13     | Reached XP level 17. HP: 102/102 MP: 27/27
 26706 | D:13     | Found a gate to the Vaults.
 26735 | D:13     | Got a glimmering glaive
 26741 | D:13     | Identified the cursed +1 glaive of Starshine {antimagic,
                  | Str+2} (You found it on level 13 of the Dungeon)
 27310 | D:14     | Reached skill level 7 in Shields
 28026 | D:14     | Noticed a sphinx
 28039 | D:14     | Killed a sphinx
 28111 | D:14     | Noticed a sphinx
 28120 | D:14     | Killed a sphinx
 28164 | D:14     | Identified the ring of Pesour {Str+3 SInv}
 28761 | D:15     | Entered Level 15 of the Dungeon
 28769 | D:15     | Noticed Louise
 28781 | D:15     | Killed Louise
 28790 | D:15     | Found Urghum's Blood Bar.
 28830 | D:15     | Found a staircase to the Depths.
 28896 | D:15     | Found a frozen archway.
 28910 | IceCv    | Entered an ice cave
 29066 | IceCv    | Reached skill level 8 in Shields
 29224 | IceCv    | Got a twisted plate armour
 29235 | IceCv    | Identified the +7 plate armour of the Lost Artisans {rPois
                  | Str-3 Dex+2} (You found it in an ice cave)
 30002 | Snake:1  | Entered Level 1 of the Snake Pit
 30176 | Snake:1  | Reached XP level 18. HP: 110/110 MP: 28/28
 30255 | Snake:1  | Noticed Aizul
 30255 | Snake:1  | Noticed Kirke
 30276 | Snake:1  | Killed Aizul
 30279 | Snake:1  | Reached skill level 9 in Shields
 30287 | Snake:1  | Killed Kirke
 30596 | Snake:1  | Found Zumiz's Food Emporium.
 30880 | Snake:2  | Found Vuyrroeb's Book Shop.
 30893 | Snake:2  | Found Xone Wamn's Distillery.
 30893 | Snake:2  | Found Rususiz's Assorted Antiques.
 30902 | Snake:2  | Found the +8 orange crystal plate armour {Archmagi, Int+3
                  | Clar}
 30967 | Snake:2  | Got an iridescent mace
 30968 | Snake:2  | Identified the +7 mace "Huackodo" {freeze, MR+ Str+8 SInv}
                  | (You found it on level 2 of the Snake Pit)
 31098 | Snake:2  | Found Roode's General Store.
 31188 | Snake:2  | Found Miozawararph's Distillery.
 31223 | Snake:2  | Reached skill level 10 in Shields
 32998 | Snake:4  | Entered Level 4 of the Snake Pit
 33183 | Snake:4  | Reached skill level 11 in Shields
 33555 | Snake:4  | Noticed Vashnia
 33584 | Snake:4  | Killed Vashnia
 33605 | Snake:4  | Reached XP level 19. HP: 101/115 MP: 17/29
 33628 | Snake:4  | Got a dazzling demon trident
 33629 | Snake:4  | Identified the cursed +2 demon trident of Change {pain,
                  | rElec} (You found it on level 4 of the Snake Pit)
 33774 | Snake:4  | Reached skill level 12 in Shields
 34461 | Snake:4  | Got a serpentine rune of Zot
 34757 | Elf:1    | Entered Level 1 of the Elven Halls
 34769 | Elf:1    | Reached skill level 13 in Shields
 34972 | Elf:1    | Found Qiatryni's Magic Scroll Shoppe.
 34975 | Elf:1    | Cast into level 2 of the Abyss (+1 halberd of distortion)
 35065 | Abyss:2  | Paralysed by accursed screaming for 1 turns
 35259 | Abyss:2  | Paralysed by you for 5 turns
 35403 | Elf:1    | Escaped the Abyss
 35426 | Elf:1    | Cast into level 2 of the Abyss (+1 halberd of distortion)
 35540 | Abyss:3  | Lost mutation: You have an increased reservoir of magic.
                  | (+10% MP) [a cacodemon]
 35576 | Abyss:3  | Reached skill level 14 in Shields
 35649 | Abyss:4  | Reached XP level 20. HP: 44/89 MP: 15/27
 35689 | Elf:1    | Escaped the Abyss
 35710 | Elf:1    | Bought a scroll of acquirement for 728 gold pieces
 35711 | Elf:1    | Got the +4 cloak of Naoled {*Drain rElec MP+9 Dex+6 Stlth+}
 36236 | Elf:1    | Found Gatunaim's Jewellery Boutique.
 36236 | Elf:1    | Found Lady's Gadget Shoppe.
 36237 | Elf:1    | Found Aschoclel's Jewellery Boutique.
 36707 | Elf:2    | Reached skill level 10 in Armour
 36957 | Elf:2    | Found a runed translucent gate.
 36957 | Elf:2    | Found a runed translucent gate.
 36957 | Elf:2    | Found a runed translucent gate.
 37024 | Elf:2    | Reached skill level 15 in Shields
 37079 | Elf:2    | Got an ancient shortbow
 37080 | Elf:2    | Identified the +7 shortbow of Expedience {vorpal, Str+4}
                  | (You found it on level 2 of the Elven Halls)
 37099 | Elf:2    | Got an emerald-encrusted ring mail
 37100 | Elf:2    | Identified the +4 ring mail of the Mackerel {rC+ rN+ Str+4
                  | Dex-5} (You found it on level 2 of the Elven Halls)
 37159 | Elf:2    | Reached skill level 15 in Fighting
 38079 | Elf:3    | Entered Level 3 of the Elven Halls
 38525 | Elf:3    | Reached skill level 16 in Shields
 38544 | Elf:3    | Reached XP level 21. HP: 128/128 MP: 28/28
 39047 | Elf:3    | Identified the +2 leather armour of Zeajoxy {rElec}
 39051 | Elf:3    | Reached skill level 17 in Shields
 39163 | Elf:3    | Identified the ring "Bopep" {+Fly Int+3 Slay+3}
 39210 | Elf:3    | Identified the Papyrus of Contamination and Boosts
 39259 | Elf:3    | Found the +8 demon blade "Leech" {vamp, *Rage +Rage rN+}
 39293 | Elf:3    | Got an ancient hunting sling
 39294 | Elf:3    | Identified the +7 hunting sling of Infection {vorpal, rN+
                  | MR+ Int+4} (You found it on level 3 of the Elven Halls)
 39342 | Elf:3    | Got a masterwork flail
 39343 | Elf:3    | Identified the +0 flail of the Endless March {venom, Dex+2}
                  | (You found it on level 3 of the Elven Halls)
 39369 | Elf:3    | Got a masterwork battleaxe
 39370 | Elf:3    | Identified the +2 battleaxe "Demonbane" {venom, *Slow rF+
                  | Dex+4} (You found it on level 3 of the Elven Halls)
 39376 | Elf:3    | Got a masterwork rapier
 39377 | Elf:3    | Identified the +3 rapier "Hellblazer" {vamp, *Contam rElec
                  | rPois rC+} (You found it on level 3 of the Elven Halls)
 39389 | Elf:3    | Got a jewelled dire flail
 39390 | Elf:3    | Identified the +7 dire flail of Pestilence {flame, Str+2}
                  | (You found it on level 3 of the Elven Halls)
 39927 | Depths:1 | Entered Level 1 of the Depths
 40124 | Depths:1 | Found a hazy altar of Hepliaklqana.
 40436 | Depths:1 | Found a gateway to Hell.
 40845 | Depths:1 | Got a scorched leather armour
 40856 | Depths:1 | Identified the +3 leather armour of Fashionability {MR+
                  | MP+9 Int+3 Stlth+} (You found it on level 1 of the Depths)
 40879 | Depths:1 | Got a bloodstained flail
 40880 | Depths:1 | Identified the +5 flail "Buni" {holy, +Fly rN+} (You found
                  | it on level 1 of the Depths)
 41031 | Depths:1 | Found a shattered altar of Ashenzari.
 41169 | Depths:2 | Found a one-way gate to the infinite horrors of the Abyss.
 41214 | Depths:2 | Reached skill level 18 in Shields
 41281 | Depths:2 | Reached XP level 22. HP: 117/135 MP: 29/29
 41356 | Depths:2 | Found a gateway to a ziggurat.
 42000 | Depths:2 | Noticed a caustic shrike
 42006 | Depths:2 | Killed a caustic shrike
 42203 | Depths:2 | Found Cuhiorok's Food Boutique.
 42660 | Depths:2 | Upgraded the game from 0.25.0-15-gac7dcb8919 to
                  | 0.25.0-26-g0c896c7088
 42917 | Depths:3 | Noticed Frederick
 42934 | Depths:3 | Killed Frederick
 43104 | Depths:3 | Reached skill level 19 in Shields
 43150 | Depths:3 | Found a one-way gate leading to the halls of Pandemonium.
 43275 | Depths:3 | HP: 6/136 [poisoned by a tengu reaver (bolt of poison)]
 43280 | Depths:3 | HP: 6/136 [tengu reaver] (5)]
 43281 | Depths:3 | HP: 2/136 [poisoned by a tengu reaver (poison gas)]
 44066 | Depths:4 | The Shining One protects you from harm!
 44067 | Depths:4 | The Shining One protects you from harm!
 44070 | Depths:4 | HP: 4/136 [balrug/divine providence (12)]
 44544 | Depths:4 | Reached XP level 23. HP: 141/141 MP: 30/30
 44608 | Depths:4 | Got a transparent leather armour
 44609 | Depths:4 | Identified the +1 leather armour of Atruidd {rPois rF+}
                  | (You found it on level 4 of the Depths)
 44619 | Depths:4 | Found a burning altar of Makhleb.
 44687 | Depths:4 | Noticed a golden dragon
 44699 | Depths:4 | Killed a golden dragon
 44765 | Depths:4 | Paralysed by a floating eye for 4 turns
 44773 | Depths:4 | Paralysed by a floating eye for 2 turns
 45029 | Vaults:1 | Entered Level 1 of the Vaults
 45252 | Vaults:1 | Found a radiant altar of Vehumet.
 45319 | Vaults:1 | Noticed Donald
 45328 | Vaults:1 | Killed Donald
 45491 | Vaults:1 | Noticed Asterion
 45508 | Vaults:1 | Killed Asterion
 45655 | Vaults:1 | Reached skill level 20 in Shields
 45852 | Vaults:1 | Found Gosoff's Gadget Boutique.
 46847 | Vaults:2 | Noticed Xtahua
 46854 | Vaults:2 | Killed Xtahua
 47408 | Vaults:2 | Reached skill level 21 in Shields
 47550 | Vaults:2 | Reached XP level 24. HP: 148/148 MP: 30/30
 47743 | Vaults:2 | Noticed Margery
 47769 | Vaults:2 | Killed Margery
 47943 | Vaults:2 | Got a faintly glowing quarterstaff
 47944 | Vaults:2 | Identified the +4 quarterstaff "Ussiton" {freeze, *Drain
                  | +Rage Dex+4} (You found it on level 2 of the Vaults)
 48005 | Vaults:3 | Reached skill level 5 in Evocations
 49278 | Vaults:3 | Found a staircase to the Crypt.
 49462 | Vaults:4 | Noticed an ancient lich
 49479 | Vaults:4 | Reached skill level 22 in Shields
 50174 | Vaults:4 | Killed an ancient lich
 50862 | Crypt:1  | Entered Level 1 of the Crypt
 51027 | Crypt:1  | Reached XP level 25. HP: 150/154 MP: 30/30
 51069 | Crypt:1  | Found a magical portal.
 51082 | WizLab   | Entered Cigotuvi's Fleshworks
 51276 | WizLab   | Paralysed by a floating eye for 3 turns
 51282 | WizLab   | Paralysed by a floating eye for 2 turns
 51291 | WizLab   | Paralysed by a floating eye for 2 turns
 51319 | WizLab   | Identified the ring "Juleetz" {rPois MR+ Dex+6 Stlth+}
 51365 | WizLab   | Paralysed by a floating eye for 3 turns
 51732 | WizLab   | Identified Zyl Xesk's Compendium of Transmigration
 51734 | WizLab   | Identified Cigotuvi's Catalogue of Transmigration and
                  | Darkness
 51789 | WizLab   | Reached skill level 23 in Shields
 53409 | Crypt:3  | Entered Level 3 of the Crypt
 53672 | Crypt:3  | Found a basalt altar of Yredelemnul.
 54206 | Crypt:3  | Got a translucent ring mail
 54207 | Crypt:3  | Identified the cursed +0 ring mail of Prudence {rElec} (You
                  | found it on level 3 of the Crypt)
 54259 | Crypt:3  | Got a blackened great mace
 54260 | Crypt:3  | Identified the +11 great mace "Buetu" {vorpal, *Slow rElec
                  | rF+++ rN+ Int+6} (You found it on level 3 of the Crypt)
 54310 | Crypt:3  | Reached skill level 24 in Shields
 54438 | Crypt:3  | Found a staircase to the Tomb.
 54438 | Crypt:3  | Noticed an ancient lich
 54455 | Crypt:3  | Killed an ancient lich
 54455 | Crypt:3  | Reached XP level 26. HP: 161/161 MP: 30/30
 54641 | Crypt:3  | Got a vibrating bone ring
 54654 | Crypt:3  | Got a flickering brass ring
 54654 | Crypt:3  | Got a coiled iron ring
 54656 | Crypt:3  | Identified the ring "Nuvonkat" {*Slow rPois rN+ Str+4
                  | Dex+2} (You found it on level 3 of the Crypt)
 54657 | Crypt:3  | Identified the ring of Duniazi {+Blink rN+ MR+ MP+9 Dex-4}
                  | (You found it on level 3 of the Crypt)
 54658 | Crypt:3  | Identified the ring "Nyenuz" {rF+ rN+ Str-5 Int+10 Stlth+}
                  | (You found it on level 3 of the Crypt)
 55560 | Slime:1  | Entered Level 1 of the Pits of Slime
 56603 | Slime:2  | Gained mutation: Your magical capacity is low. (-10% MP) [a
                  | shining eye]
 56604 | Slime:2  | Gained mutation: Armour fits poorly on your strangely
                  | shaped body. [a shining eye]
 56606 | Slime:2  | Gained mutation: You are weak. (Str -2) [a shining eye]
 56607 | Slime:2  | Lost mutation: You have supernaturally acute eyesight.
                  | (SInv) [a shining eye]
 56981 | Slime:4  | Gained mutation: You are very weak. (Str -4) [a shining
                  | eye]
 56996 | Slime:3  | Gained mutation: Your magical capacity is very low. (-20%
                  | MP) [a shining eye]
 57000 | Slime:3  | Lost mutation: You are very weak. (Str -4) [a shining eye]
 57363 | Slime:4  | Gained mutation: Scrolls take you a little longer to read.
                  | [a shining eye]
 57369 | Slime:4  | Gained mutation: You tend to lose your temper in combat. [a
                  | shining eye]
 57913 | Slime:5  | Entered Level 5 of the Pits of Slime
 57986 | Slime:5  | Reached skill level 25 in Shields
 58118 | Slime:5  | Noticed the Royal Jelly
 58515 | Slime:5  | Lost mutation: You are agile. (Dex +2) [a shining eye]
 58522 | Slime:5  | Found a viscous altar of Jiyva.
 58525 | Slime:5  | Found the +10 dark maul {vorpal}
 58639 | Slime:5  | Killed the Royal Jelly
 58888 | Slime:4  | HP: 3/163 [acid blob[the Royal Jelly] (18)]
 58888 | Slime:4  | Splashed by an acid blob's acid

Illustrated notes

Levels and vault maps discovered:
D:1:      erik_arrival_orb_chamber, layout_loops_ring, serial_forest,
          infiniplex_forest_corner_2, infiniplex_forest_lined_3,
          infiniplex_forest_lined_corner, infiniplex_forest_clump_C,
          infiniplex_forest_corner_1, infiniplex_forest_zigzag_1,
          infiniplex_forest_lined_2, infiniplex_forest_lined_room_2,
          infiniplex_forest_lined_4_way, infiniplex_forest_end_2
D:2:      layout_loops_ring, chequers_temple_overflow_statue_of_worship,
          lemuel_coloured_pillars_altar, uniq_natasha
D:3:      layout_basic, minitemple, xom_teletrap_fun, first_ration,
          minmay_lizard_king
D:4:      layout_gridville, minmay_temple_entry_slanted
D:5:      layout_loops_ring, minmay_mini_ossuary
D:6:      layout_basic, old_standard_altar, kennysheep_potato
D:7:      layout_loops_ring, hangedman_abyss_or_decor_stabs, uniq_joseph,
          uniq_menkaure
D:8:      layout_cave_pools, nicolae_ossuary_entry_false_entrances,
          serial_gnoll_camp, gnoll_camp_mini_hut, gnoll_camp_mini_hut,
          gnoll_camp_mini_sergeant, gnoll_camp_mini_loothouse,
          gnoll_camp_huts_basic
D:9:      kennysheep_orc_sif_temple, layout_basic, old_standard_altar,
          serial_shops, shop, hangedman_pestilent_swarm, uniq_grum
D:10:     layout_cave_pods, serial_shops, kennysheep_little_box
D:11:     layout_loops_corners, due_lair_maze_entry_diamond,
          gammafunk_ghost_hydra_chop
D:12:     minmay_opposing_rooms, layout_grid_maze
D:13:     layout_small_grid, ximxim_vaults_locker_room
D:14:     minmay_tearing_corner, layout_basic, minmay_misc_feat_nine_boxes,
          lemuel_another_geyser
D:15:     grunt_enter_depths_snipers, layout_cave_pools,
          portal_ice_cave_demonic_guard, guppyfry_shop_blood, uniq_louise
Temple:   nicolae_temple_figure_eight
Lair:1:   layout_loops_ring, grunt_megastairs_1, lemuel_fruit_fields,
          serial_bayou_shore_b
Lair:2:   dpeg_oklob_gauntlet, layout_misc_corridors,
          guppyfry_snake_entry_island, gauntlet_entry_generic, wad_woods_06
Lair:3:   wander_river, layout_cave_pods, shoals_dummy_entry,
          gammafunk_ghost_icy, minmay_holes, chequers_serial_rivers_micro_d
Lair:4:   pond_and_an_island_with_a_cottage, layout_cave_pods,
          infiniplex_staircase_pool
Lair:5:   layout_gridlike, slime_altar_1, hangedman_lair_unloving_vines,
          uniq_josephine
Lair:6:   due_jungle_book, layout_gridlike, minmay_lair_oklob_chamber
Shoals:1: layout_shoals, ebering_ghost_reflecting_pool, lemuel_centaur_altar
Shoals:2: layout_shoals, serial_shops, nicolae_shop_stone, shop, uniq_roxanne,
          uniq_ilsuiw
Shoals:3: layout_shoals
Shoals:4: shoals_end_simple, layout_shoals
Snake:1:  layout_rooms, serial_shops, shop, uniq_aizul, uniq_kirke
Snake:2:  layout_chambers, serial_shops, shop, hangedman_corner_corridor,
          minmay_shoptagon, serial_bayou_shore_b, serial_bayou_shore_b
Snake:3:  layout_gridlike
Snake:4:  johnstein_snake_rune_scales, layout_onion
Slime:1:  layout_caves
Slime:2:  layout_caves, nicolae_slime_barrier, nicolae_slime_round_cave
Slime:3:  layout_caves
Slime:4:  layout_caves
Slime:5
Orc:1:    layout_diamond_mine, serial_shops, shop, uniq_sonja, uniq_harold,
          uniq_snorg
Orc:2:    kennysheep_orc_mage_school, layout_caves, uniq_maurice
Elf:1:    eino_elf_arrival_shootout, layout_gridlike, serial_shops, shop,
          minivault_28, minmay_shop_grove
Elf:2:    layout_loops_ring, serial_sigils_hangedman_shear, grunt_ministairs_3,
          minivault_16, st_stairs_13, minmay_misc_feat_ornament
Elf:3:    minmay_elf_hall_quartered_circle, layout_gridlike, special_room
          [special_room_orc]
Vaults:1: vaults_room_corners, vaults_room_guarded_vault, hangedman_vaults_hat,
          vaults_dpeg_hooks, grunt_vaults_swirl, v_misc_4, v_alt_pattern_4,
          v_misc_18, ontoclasm_vaults_twist, vaults_room_octagon,
          nicolae_vaults_sealed_display, layout_vaults_omnicross, serial_shops,
          nicolae_shop_stone, basic_altar, uniq_asterion, uniq_donald
Vaults:2: v_pattern_2, hangedman_vaults_impose, hangedman_vaults_variations,
          nicolae_vaults_circle_grid_a, ontoclasm_vaults_misaligned,
          nicolae_vaults_theta, dpeg_vaults_pockets_of_resistance,
          nicolae_vaults_little_squares_4, hangedman_vaults_restitches,
          vaults_standard_mumra_enter_the_diamond, layout_vaults_omnibox,
          uniq_margery, uniq_xtahua
Vaults:3: ontoclasm_vaults_claustrophobia, ontoclasm_vaults_tryst,
          vaults_room_corners, nicolae_vaults_triangles, hangedman_vaults_trim,
          vaults_room_door_hall, hangedman_vaults_restitches,
          vaults_room_corners, ontoclasm_vaults_loading_screen,
          vaults_room_stairs_pillars, layout_vaults_omnigrid, dummy_crypt_entry
Vaults:4: nicolae_vaults_specimen_jars, nicolae_vaults_network_s,
          grunt_vaults_hallway_short, v_pattern_1, nicolae_vaults_display_case,
          grunt_vaults_twisty, ontoclasm_vaults_chip, v_rooms_6,
          nicolae_vaults_back_hallway, nicolae_vaults_big_angled_halls,
          v_misc_24, hangedman_vaults_pinch, ontoclasm_vaults_pinch,
          serial_ice_h, vaults_dpeg_ring, layout_vaults_ring
Crypt:1:  layout_misc_corridors, mu_enter_wizlab_2
Crypt:2:  layout_chaotic_city
Crypt:3:  grunt_crypt_end_deaths_head
Depths:1: layout_honeycomb, hell_entry, serial_bayou_pond_d,
          hangedman_feature_mirror, minmay_pinched_square
Depths:2: evilmike_horseshoe, layout_cave_shapes, enter_ziggurat_f, abyss_entry,
          dk_noncrumbling_3, pf_hell_entry_great_geh, serial_shops, shop
Depths:3: hangedman_cross_stitches, layout_basic, grunt_hell_horde,
          rand_demon_pan_entry_1, minmay_misc_feat_encased, uniq_frederick
Depths:4: grunt_profane_halls [grunt_profane_temple_coc,
          grunt_profane_temple_dis, grunt_profane_temple_geh,
          grunt_profane_temple_tar, grunt_profane_loot], hell_entry, abyss_entry

Skill      XL: |  1  2  3  4  5  6  7  8  9 10 11 12 13 14 15 16 17 18 19 20 21 22 23 24 25 26 |
---------------+-------------------------------------------------------------------------------+-----
Axes           | 2 3 4 5 7 8 10 11 12 13 | 13.0
Fighting       | 2 3 4 6 7 8 9 10 11 12 13 14 15 16 17 18 | 18.6
Armour         | 1 2 3 4 5 6 7 8 9 10 11 12 13 | 13.3
Dodging        | 2 3 4 5 6 7 8 9 |  9.5
Charms         | 4 5 |  5.1
Spellcasting   | 3 4 |  4.4
Stealth        | 1 2 3 4 |  4.8
Hexes          | 1 |  1.2
Throwing       | 1 4 6 7 8 |  8.0
Evocations     | 1 2 3 4 5 |  5.4
Translocations | 1 |  1.5
Shields        | 2 3 4 6 8 11 14 16 18 19 21 22 24 25 | 25.4
Maces & Flails | 5 9 11 13 14 | 14.1

Action                   |  1- 3 |  4- 6 |  7- 9 | 10-12 | 13-15 | 16-18 | 19-21 | 22-24 | 25-27 || total
-------------------------+-------+-------+-------+-------+-------+-------+-------+-------+-------++-------
Melee: Hand axe          |    57 |   153 |   206 |   553 |    76 |       |       |       |       ||  1045
       Bite              |    13 |    39 |    56 |   254 |   466 |   593 |   810 |  1044 |  1072 ||  4347
       Spear             |       |       |       |     7 |       |       |       |       |       ||     7
       Morningstar       |       |       |       |       |   421 |       |       |       |       ||   421
       Eveningstar       |       |       |       |       |   338 |   836 |       |       |       ||  1174
       Mace              |       |       |       |       |       |   287 |  1322 |  1623 |  1513 ||  4745
Throw: Dart              |     1 |       |     5 |    49 |    85 |    39 |    20 |    29 |     2 ||   230
       Throwing net      |       |       |       |     8 |       |       |       |       |       ||     8
       Boomerang         |       |       |       |       |     7 |       |       |       |       ||     7
 Cast: Infusion          |     1 |     3 |     4 |     1 |       |       |       |       |       ||     9
       Song of Slaying   |       |     3 |       |     1 |       |       |       |       |       ||     4
       Shroud of Golubri |       |     1 |     2 |       |       |       |       |       |       ||     3
       Spectral Weapon   |       |       |     3 |     1 |       |       |       |       |       ||     4
       Blink             |       |       |       |     2 |       |       |       |       |       ||     2
Invok: Brand Weapon With |       |       |       |       |     1 |       |       |       |       ||     1
Evoke: Wand              |       |       |       |    17 |    18 |     7 |     3 |    30 |    11 ||    86
       Phantom mirror    |       |       |       |       |     2 |       |       |       |       ||     2
       Tin of tremorston |       |       |       |       |     2 |     6 |     5 |    10 |       ||    23
       Lightning rod     |       |       |       |       |     1 |       |       |       |       ||     1
       Box of beasts     |       |       |       |       |       |     3 |       |       |       ||     3
       Phial of floods   |       |       |       |       |       |     1 |       |     1 |       ||     2
  Use: Scroll            |     6 |     7 |     7 |    23 |    16 |    30 |    23 |    13 |     8 ||   133
       Potion            |       |       |     1 |     2 |    11 |    12 |     2 |     9 |     1 ||    38
  Eat: Chunk             |       |     6 |     9 |     7 |    21 |    12 |     5 |    16 |       ||    76
       Ration            |       |       |     1 |     4 |     4 |     7 |     6 |     5 |     8 ||    35
Armor: Leather armour    |    17 |    62 |    62 |   152 |    19 |    78 |       |       |       ||   390
       Troll leather arm |       |       |       |    13 |    41 |       |       |       |       ||    54
       Plate armour      |       |       |       |    11 |   125 |   102 |    40 |       |       ||   278
       Chain mail        |       |       |       |       |   132 |       |       |       |       ||   132
       Skin              |       |       |       |       |       |    17 |       |       |       ||    17
       Crystal plate arm |       |       |       |       |       |       |   266 |   296 |   368 ||   930
Dodge: Dodged            |    29 |    93 |   128 |   397 |   458 |   424 |   185 |   257 |   261 ||  2232
       Repelled          |       |       |     4 |     9 |     4 |       |       |       |       ||    17
Block: Buckler           |       |       |       |    23 |   286 |   414 |       |       |       ||   723
       Tower shield      |       |       |       |       |       |   571 |  1459 |  2013 |  1855 ||  5898
       Reflection        |       |       |       |       |       |    79 |   158 |   156 |    29 ||   422
